 Dungeon Crawl Stone Soup version 0.24-a0-630-g0d56a851f4 (webtiles) character file.

Game seed: 16115907486367774936, levelgen mode: deterministic

2016 Peloso the Carver (level 9, -9/75 HPs)
             Began as a Minotaur Fighter on Sept 20, 2019.
             Was an Initiate of Gozag.
             Mangled by a two-headed ogre
             ... wielding a +0 giant spiked club
              (16 damage)
             ... on level 7 of the Dungeon.
             The game lasted 00:14:29 (5898 turns).

Peloso the Carver (Minotaur Fighter)                Turns: 5898, Time: 00:14:29

Health: -9/75      AC: 14    Str: 27    XL:     9   Next: 3%
Magic:  8/8        EV:  7    Int:  5    God:    Gozag
Gold:   869        SH: 11    Dex: 12    Spells: 8/8 levels left

rFire    . . .     SeeInvis .   a - +0 long sword
rCold    . . .     Gourm    .   c - +0 shield
rNeg     . . .     Faith    .   x - +0 plate armour
rPois    .         Spirit   .   (helmet restricted)
rElec    .         Reflect  .   (no cloak)
rCorr    .         Harm     .   (no gloves)
MR       .....                  (no boots)
Stlth    ..........             (no amulet)
HPRegen  0.22/turn              e - ring of attention (curse)
MPRegen  0.11/turn              o - +1 ring of protection

@: mighty, gold aura
A: retaliatory headbutt, horns 2
a: Potion Petition, Call Merchant, Bribe Branch, Renounce Religion


You were on level 7 of the Dungeon.
You worshipped Gozag.
Gozag was pleased with you.
You were not hungry.

You visited 2 branches of the dungeon, and saw 8 of its levels.

You collected 880 gold pieces.
You paid 11 gold pieces to Gozag.

Inventory:

Hand Weapons
 a - a +0 long sword (weapon)
Armour
 b - a +0 chain mail
 c - a +0 shield (worn)
 x - a +0 plate armour (worn)
Jewellery
 e - a cursed ring of attention (left hand)
 k - an uncursed ring of positive energy
 o - a +1 ring of protection (right hand)
 s - a +1 ring of evasion
Wands
 q - a wand of polymorph (6)
 w - a wand of paralysis (9)
Scrolls
 h - 2 scrolls of enchant weapon
 l - 2 scrolls of remove curse {unknown}
 m - a scroll of enchant armour {unknown}
 n - 2 scrolls of teleportation {unknown}
 p - a scroll of noise {unknown}
 r - 2 scrolls of magic mapping
 u - 2 scrolls of fear {unknown}
 v - a scroll of identify
Potions
 d - a potion of might
 g - 2 potions of curing
 i - 2 potions of ambrosia
 j - a potion of cancellation
 t - 3 potions of heal wounds {unknown}
 z - a potion of haste {unknown}
Comestibles
 f - 7 rations


   Skills:
 + Level 6.0 Fighting
 + Level 8.6 Long Blades
 + Level 8.1 Armour
 + Level 3.0 Dodging
 + Level 1.0 Stealth
 + Level 7.3 Shields


You had 8 spell levels left.
You didn't know any spells.
Your spell library contained the following spells:

 Spells                   Type           Power        Failure   Level  Hunger
 Animate Skeleton         Necr           N/A          100%        1    ##.....
 Apportation              Tloc           #.....       100%        1    ##.....
 Beastly Appendage        Tmut           #.....       100%        1    ##.....
 Confusing Touch          Hex            #.....       100%        1    ##.....
 Pain                     Necr           #...         100%        1    ##.....
 Summon Small Mammal      Summ           #...         100%        1    ##.....
 Sticks to Snakes         Tmut           #.......     100%        2    ###....
 Regeneration             Chrm/Necr      #.........   100%        3    ####...
 Spider Form              Tmut/Pois      #.........   100%        3    ####...
 Vampiric Draining        Necr           #.........   100%        3    ####...
 Animate Dead             Necr           N/A          100%        4    #####..
 Ice Form                 Ice/Tmut       #.......     100%        4    #####..
 Blade Hands              Tmut           #.........   100%        5    ######.


Dungeon Overview and Level Annotations

Branches:
Dungeon (7/15)             Temple (1/1) D:6

Altars:
Ashenzari
Cheibriados
Dithmenos
Fedhas
Gozag
Hepliaklqana
Makhleb
Nemelex Xobeh
Ru
Sif Muna
Trog
Uskayaw
Vehumet
Yredelemnul
Zin
The Shining One


Innate Abilities, Weirdness & Mutations

You reflexively headbutt those who attack you in melee.
You have a pair of horns on your head.


Message History

The two-headed ogre is lightly wounded.
The two-headed ogre closely misses you. You furiously retaliate!
You headbutt the two-headed ogre!
The two-headed ogre hits you with a +0 giant spiked club!
The crimson imp hits you but does no damage.
Your plate armour prevents you from hitting the two-headed ogre.
You headbutt the two-headed ogre!
The two-headed ogre is heavily wounded.
The two-headed ogre hits you with a +0 giant spiked club!!
The two-headed ogre hits you with a +0 giant spiked club!
* * * LOW HITPOINT WARNING * * *
The crimson imp hits you but does no damage.
You slash the two-headed ogre!
The two-headed ogre is heavily wounded.
You block the crimson imp's attack.
You slash the two-headed ogre!
The two-headed ogre is severely wounded.
The two-headed ogre hits you with a +0 giant spiked club!
You die...
Your body crumbles into a pile of gold.

..Y $ ### ...
..# ....## #.#
...#. #.# ....
#.##
#.###+#.5#
#....$$@$#
#..#..O..#
#..#.....#
#.###..#.....#
#.....)#####.#
#####<.# ...
#........#
.#.#
...####[##
.### ..#


You could see a two-headed ogre and a crimson imp.

Vanquished Creatures
  An ice beast (D:5)
  A phantom (D:6)
  A sky beast (D:5)
  3 ogres
  4 centaurs (D:6)
  A bullfrog (D:6)
  2 scorpions
  3 howler monkeys
  A bullfrog zombie (D:6)
  3 hounds
  A gnoll shaman (D:5)
  A jelly (D:6)
  9 orc wizards
  An orc priest (D:6)
  5 worker ants
  An iguana (D:6)
  Natasha (twice) (D:2)
  Robin (D:2)
  3 gnolls (D:5)
  10 adders
  A shadow imp (D:6)
  4 worms
  2 dart slugs
  5 leopard geckos
  11 orcs
  6 bats
  4 giant cockroaches
  11 goblins
  14 hobgoblins
  4 jackals
  2 quokkas (D:3)
  5 frilled lizards
  5 kobolds
  2 quokka skeletons (D:4)
  13 rats
143 creatures vanquished.

Notes
Turn   | Place    | Note
-------+----------+-------------------------------------------
     0 | D:1      | Peloso the Minotaur Fighter began the quest for the Orb.
     0 | D:1      | Reached XP level 1. HP: 19/19 MP: 0/0
   174 | D:1      | Reached XP level 2. HP: 25/27 MP: 1/1
  1107 | D:2      | Reached XP level 3. HP: 26/33 MP: 2/2
  1279 | D:2      | Reached XP level 4. HP: 39/40 MP: 3/3
  1400 | D:2      | Noticed Robin
  1407 | D:2      | Killed Robin
  1550 | D:2      | Noticed Natasha
  1561 | D:2      | Killed Natasha
  1561 | D:2      | Reached XP level 5. HP: 21/46 MP: 4/4
  1571 | D:2      | Found an opulent altar of Gozag.
  1650 | D:2      | Noticed Natasha
  1923 | D:2      | Killed Natasha
  1933 | D:2      | Became a worshipper of Gozag Ym Sagoz the Greedy
  2318 | D:3      | Found a glowing silver altar of Zin.
  2654 | D:4      | Noticed a +0 hand axe
  2657 | D:4      | Noticed a +0 hand axe
  2659 | D:4      | Found a hide-covered altar of Uskayaw.
  2750 | D:4      | Noticed an ogre
  2757 | D:4      | Killed an ogre
  2757 | D:4      | Reached skill level 5 in Armour
  2757 | D:4      | Reached skill level 1 in Dodging
  2757 | D:4      | Reached XP level 6. HP: 17/53 MP: 5/5
  2773 | D:4      | Reached skill level 5 in Long Blades
  3350 | D:4      | Reached skill level 5 in Shields
  3360 | D:4      | Reached XP level 7. HP: 56/60 MP: 6/6
  3503 | D:5      | Entered Level 5 of the Dungeon
  3576 | D:5      | Reached skill level 5 in Fighting
  4309 | D:5      | Reached XP level 8. HP: 67/68 MP: 7/7
  5392 | D:6      | Reached skill level 1 in Stealth
  5681 | D:6      | Found a staircase to the Ecumenical Temple.
  5794 | Temple   | Entered the Ecumenical Temple
  5886 | D:7      | Reached XP level 9. HP: 75/75 MP: 8/8
  5888 | D:7      | Noticed a two-headed ogre
  5898 | D:7      | Mangled by a two-headed ogre

Levels and vault maps discovered:
D:1:      dpeg_arrival_rooms_a, layout_basic
D:2:      layout_loops_ring, nicolae_gozag_seed_capital, first_ration,
          nrook_mini_vaults, uniq_natasha, uniq_robin
D:3:      layout_loops_ring, zin_scriptorium, kennysheep_generic_room_7
D:4:      layout_basic, dancing_weapons_uskayaw
D:5:      layout_loops_corners, kennysheep_boxes
D:6:      nicolae_whirlpool, layout_cave_pools, minmay_temple_entry_poolview,
          minmay_a_box_with_orc_wizards_in_it
D:7:      layout_basic, nicolae_overflow_hidden_temple,
          okawaru_metal_pillars_1_2, david_defended_altar_orc
Temple:   nicolae_temple_god_jail

Skill      XL: |  1  2  3  4  5  6  7  8  9 |
---------------+----------------------------+-----
Armour         | 4 5 6 8 |  8.1
Shields        | 4 5 6 7 |  7.3
Fighting       | 4 5 6 |  6.0
Long Blades    | 3 4 5 7 8 |  8.6
Dodging        | 1 2 3 |  3.0
Stealth        | 1 |  1.0

Action                   |  1- 3 |  4- 6 |  7- 9 || total
-------------------------+-------+-------+-------++-------
Melee: Long sword        |    68 |   191 |   191 ||   450
       Headbutt          |    11 |    30 |    58 ||    99
  Use: Scroll            |     2 |       |     4 ||     6
       Potion            |       |     1 |     1 ||     2
 Stab: Distracted        |       |       |     1 ||     1
  Eat: Chunk             |     1 |     3 |       ||     4
       Ration            |       |     1 |     3 ||     4
Armor: Scale mail        |    30 |    53 |       ||    83
       Chain mail        |       |    24 |    90 ||   114
       Plate armour      |       |       |     4 ||     4
Dodge: Dodged            |    20 |    50 |    55 ||   125
Block: Shield            |    37 |   104 |   117 ||   258
       Rpst.: Long sword |     3 |    16 |    14 ||    33

Table legend:
 A = Non-vault XP
 B = Vault XP
 C = Vault XP percentage of total XP
 D = Non-vault monster count
 E = Vault monster count
 F = Vault count percentage of total count
                 A         B        C        D         E       F
            +---------+---------+-------+---------+---------+-------
      Total |    2191 |     690 |  24.0 |     123 |      20 |  14.0
            +---------+---------+-------+---------+---------+-------
        D:1 |      28 |       0 |   0.0 |      17 |       0 |   0.0
        D:2 |     152 |      61 |  28.6 |      30 |       8 |  21.1
        D:3 |      32 |       5 |  13.5 |      17 |       3 |  15.0
        D:4 |     523 |       0 |   0.0 |      21 |       0 |   0.0
        D:5 |     632 |       0 |   0.0 |      19 |       0 |   0.0
        D:6 |     596 |     624 |  51.1 |      16 |       9 |  36.0
        D:7 |     228 |       0 |   0.0 |       3 |       0 |   0.0
            +---------+---------+-------+---------+---------+-------
